 Dungeon Crawl Stone Soup version 0.24.0-123-gd5b16e6ec5 (webtiles) character file.

Game seed: 3180599613631040575, levelgen mode: deterministic

1425 jigajig the Spear-Bearer (level 8, -1/61 HPs)
             Began as a Merfolk Gladiator on Jan 24, 2020.
             Was an Initiate of Yredelemnul.
             Slain by an orc warrior
             ... wielding a +2 mace of crushing
              (12 damage)
             ... on level 7 of the Dungeon.
             The game lasted 00:11:26 (6262 turns).

jigajig the Spear-Bearer (Merfolk Gladiator)        Turns: 6262, Time: 00:11:27

Health: -1/61      AC:  9    Str: 16    XL:     8   Next: 72%
Magic:  8/8        EV: 11    Int:  8    God:    Yredelemnul [......]
Gold:   338        SH:  0    Dex: 15    Spells: 7/7 levels left

rFire    . . .     SeeInvis .   a - +0 trident
rCold    . . .     Gourm    .   (no shield)
rNeg     . . .     Faith    +   D - +0 scale mail
rPois    +         Spirit   .   c - +0 helmet
rElec    .         Reflect  .   (no cloak)
rCorr    .         Harm     .   M - +0 pair of gloves
MR       .....                  (no boots)
Stlth    +.........             H - amulet of faith
HPRegen  0.20/turn              j - ring of poison resistance
MPRegen  0.11/turn              J - ring of stealth

@: lethally poisoned (-1 -> -3), very slightly contaminated, invisible
A: change form in water, swift swim, stealthy swim
a: Renounce Religion


You were on level 7 of the Dungeon.
You worshipped Yredelemnul.
Yredelemnul was noncommittal.
You were not hungry.

You visited 2 branches of the dungeon, and saw 8 of its levels.

You collected 338 gold pieces.

Inventory:

Hand Weapons
 a - a +0 trident (weapon)
 e - a +2 dagger of electrocution
 E - the +5 dagger of Infinity {flame, Str+6}
   (You found it on level 4 of the Dungeon)

   It has been specially enchanted to burn those struck by it, causing extra
   injury to most foes and up to half again as much damage against particularly
   susceptible opponents.
   It affects your strength (+6).
Missiles
 d - a throwing net
 h - 20 poisoned darts (quivered)
 R - 6 boomerangs
Armour
 b - a +0 leather armour
 c - a +0 helmet (worn)
 y - a +0 ring mail
 D - a +0 scale mail (worn)
 M - a +0 pair of gloves (worn)
Magical Staves
 x - an uncursed staff of earth {unknown}
Jewellery
 j - a ring of poison resistance (left hand)
 H - an amulet of faith (around neck)
 J - a ring of stealth (right hand)
Wands
 o - a wand of digging (6)
 u - a wand of flame (19)
 v - a wand of polymorph (5)
 B - a wand of iceblast (11)
 L - a wand of paralysis (10)
 O - a wand of disintegration (15)
Scrolls
 k - a scroll of enchant weapon {unknown}
 l - 3 scrolls of immolation {unknown}
 t - 5 scrolls of remove curse {unknown}
 w - a scroll of teleportation {unknown}
 C - 6 scrolls of amnesia {unknown}
 F - 2 scrolls of blinking {unknown}
 K - a scroll of acquirement {unknown}
 N - a scroll of fear {unknown}
 P - a scroll of enchant armour {unknown}
 Q - 3 scrolls of fog {unknown}
Potions
 g - a potion of mutation {unknown}
 i - 3 potions of curing
 m - 2 potions of flight
 n - a potion of invisibility
 p - 3 potions of magic
 q - a potion of haste {unknown}
 r - a potion of agility {unknown}
 s - 3 potions of heal wounds
 z - a potion of brilliance {unknown}
 A - 2 potions of berserk rage
 I - 2 potions of might {unknown}
Comestibles
 f - 13 rations
 G - 4 chunks of flesh


   Skills:
 + Level 4.3 Fighting
 + Level 1.0 Short Blades
 + Level 9.6 Polearms
 + Level 4.1 Throwing
 * Level 5.0 Armour
 - Level 4.0 Dodging
 - Level 0.1 Stealth


You had 7 spell levels left.
You didn't know any spells.
Your spell library contained the following spells:

 Spells                   Type           Power        Failure   Level  Hunger
 Confusing Touch          Hex            #.....       82%         1    ##.....
 Freeze                   Ice            #...         82%         1    ##.....
 Throw Frost              Conj/Ice       #.....       91%         2    ###....
 Confuse                  Hex            #.......     99%         3    ####...
 Gell's Gravitas          Tloc           #.........   99%         3    ####...
 Ozocubu's Armour         Chrm/Ice       #.......     99%         3    ####...
 Petrify                  Tmut/Erth      #.......     100%        4    #####..
 Summon Ice Beast         Ice/Summ       #.......     100%        4    #####..
 Throw Icicle             Conj/Ice       #.......     100%        4    #####..
 Metabolic Englaciation   Hex/Ice        #.........   100%        5    ######.
 Yara's Violent Unravell  Hex/Tmut       #.........   100%        5    ######.


Dungeon Overview and Level Annotations

Branches:
Dungeon (7/15)             Temple (1/1) D:5

Altars:
Ashenzari
Dithmenos
Elyvilon
Fedhas
Gozag
Hepliaklqana
Kikubaaqudgha
Makhleb
Nemelex Xobeh
Okawaru
Qazlal
Ru
Sif Muna
Trog
Uskayaw
Vehumet
Wu Jian
Xom
Yredelemnul
Zin
The Shining One

Shops:
D:5 =


Message History

You are poisoned.
The hornet stings you but does no damage.
The orc warrior hits you with a +2 mace of crushing!
Unknown command.
Okay, then.
You fade into invisibility!
You feel yourself speed up.
You feel sick. The hornet barely misses you.
The orc warrior hits you with a +2 mace of crushing!
* * * LOW HITPOINT WARNING * * *
x2 The hornet stings you.
* * * LOW HITPOINT WARNING * * *
The orc warrior closely misses you. The hornet barely misses you.
You are very lightly contaminated with residual magic.
You feel sick.
The orc warrior rages.
You feel sick. The orc warrior completely misses you.
You feel sick.
The hornet looks more healthy.
The orc warrior hits you with a +2 mace of crushing!
You die...
Your body rises from the dead as a mindless zombie.

###........###..#.
#.+..........'....
#.#........###....
#.#........# #....
#.....##.#.# #....
#.###.##.#.# #####
#.###.##.#.#
#............
#@...........
#o...........
#y...........
#..o.........
#...(........
#..o..((.....
#..)........
#........(
#.........


You could see a hornet, an orc warrior (berserk) and 2 orcs.

Vanquished Creatures
  Prince Ribbit (D:6)
  A hippogriff (D:5)
  An orc warrior (D:7)
  2 ogres
  2 centaurs
  A scorpion (D:6)
  A crimson imp (D:6)
  A quasit (D:5)
  3 hounds
  4 orc wizards
  A centaur zombie (D:5)
  An iguana (D:4)
  A worker ant (D:4)
  3 hound skeletons
  7 gnolls
  5 adders
  A shadow imp (D:7)
  An adder skeleton (D:5)
  2 worms
  A dart slug (D:3)
  A leopard gecko (D:3)
  8 orcs
  5 bats
  4 giant cockroaches
  5 goblins
  5 hobgoblins
  7 jackals
  A quokka (D:3)
  A ball python (D:2)
  5 frilled lizards
  7 kobolds
  8 rats
97 creatures vanquished.

Notes
Turn   | Place    | Note
-------+----------+-------------------------------------------
     0 | D:1      | jigajig the Merfolk Gladiator began the quest for the Orb.
     0 | D:1      | Reached XP level 1. HP: 16/16 MP: 1/1
    47 | D:1      | Reached XP level 2. HP: 12/22 MP: 2/2
   587 | D:1      | Reached skill level 5 in Polearms
  1119 | D:2      | Reached XP level 3. HP: 28/28 MP: 3/3
  1363 | D:2      | Reached skill level 1 in Armour
  1363 | D:2      | Reached XP level 4. HP: 23/34 MP: 4/4
  1725 | D:1      | Reached skill level 6 in Polearms
  2193 | D:3      | Reached XP level 5. HP: 36/39 MP: 5/5
  2773 | D:4      | Got a scorched dagger
  2875 | D:4      | Identified the +5 dagger of Infinity {flame, Str+6} (You
                  | found it on level 4 of the Dungeon)
  2923 | D:4      | Reached XP level 6. HP: 27/47 MP: 6/6
  2929 | D:4      | HP: 2/47 [iguana (11)]
  2930 | D:4      | Reached skill level 7 in Polearms
  3821 | D:5      | Entered Level 5 of the Dungeon
  3846 | D:5      | Found a white marble altar of Elyvilon.
  4029 | D:5      | Found a staircase to the Ecumenical Temple.
  4042 | D:5      | Reached XP level 7. HP: 45/52 MP: 7/7
  4052 | D:5      | Reached skill level 8 in Polearms
  4061 | Temple   | Entered the Ecumenical Temple
  4296 | Temple   | Became a worshipper of Yredelemnul the Dark
  4394 | D:5      | Found Kitos's Jewellery Boutique.
  4809 | D:6      | Noticed a hippogriff
  4828 | D:5      | Killed a hippogriff
  4828 | D:5      | Reached skill level 1 in Short Blades
  4992 | D:6      | Noticed Prince Ribbit
  5370 | D:6      | Reached XP level 8. HP: 60/60 MP: 8/8
  5494 | D:6      | Killed Prince Ribbit
  5494 | D:6      | Reached skill level 9 in Polearms
  5650 | D:6      | Found a shimmering blue altar of Sif Muna.
  5930 | D:7      | Found a glowing golden altar of the Shining One.
  6190 | D:7      | Reached skill level 5 in Armour
  6249 | D:7      | Noticed a hornet
  6262 | D:7      | Slain by an orc warrior

Levels and vault maps discovered:
D:1:      psy_arrival_basics, layout_rooms, minivault_5
D:2:      layout_rooms
D:3:      layout_basic
D:4:      layout_loops_ring, first_ration, hangedman_decor_opposing
D:5:      layout_loops_ring, elyvilon_altar_4,
          minmay_temple_entry_statues_fountains, serial_shops, shop_fountains
D:6:      layout_rooms, kennysheep_mini, uniq_prince_ribbit1
D:7:      layout_basic, lemuel_crystal_altar
Temple:   hc_temple_tempest_star

Skill      XL: |  1  2  3  4  5  6  7  8 |
---------------+-------------------------+-----
Polearms       | 5 6 7 8 9 |  9.6
Armour         | 1 2 3 4 5 |  5.0
Fighting       | 3 4 |  4.3
Short Blades   | 1 |  1.0
Throwing       | 4 |  4.1
Dodging        | |  4.0
Stealth        | |  0.1

Action                   |  1- 3 |  4- 6 |  7- 9 || total
-------------------------+-------+-------+-------++-------
Melee: Trident           |   118 |   142 |   144 ||   404
       Dagger            |       |    21 |       ||    21
Throw: Dart              |       |    10 |    53 ||    63
       Throwing net      |       |     2 |     1 ||     3
  Use: Scroll            |       |       |     8 ||     8
       Potion            |       |       |     1 ||     1
 Stab: Held in net/web   |       |     2 |     1 ||     3
       Sleeping          |       |     2 |       ||     2
  Eat: Chunk             |     1 |     6 |     7 ||    14
       Ration            |       |     1 |       ||     1
Armor: Leather armour    |    20 |    11 |       ||    31
       Scale mail        |       |    45 |    42 ||    87
Dodge: Dodged            |    79 |    99 |    63 ||   241
